 Dungeon Crawl Stone Soup version 0.28.0-53-g5a82cb258f (webtiles) character file.

Game seed: 4093924114823263512

67 Sin92 the Skirmisher (level 3, -1/29 HPs)
             Began as a Demonspawn Fighter on June 9, 2022.
             Succumbed to a scorpion's poison
             ... on level 2 of the Dungeon.
             The game lasted 00:02:07 (2368 turns).

Sin92 the Skirmisher (Demonspawn Fighter)           Turns: 2368, Time: 00:02:08

Health: -1/29      AC:  7    Str: 16    XL:     3   Next: 98%
Magic:  3/3        EV:  9    Int:  9    God:
Gold:   72         SH:  6    Dex: 14    Spells: 2/2 levels left

rFire   . . .      SeeInvis .   a - +0 long sword
rCold   + . .      Faith    .   c - +1 buckler
rNeg    . . .      Spirit   .   b - +0 scale mail
rPois   .          Reflect  .   (no helmet)
rElec   .          Harm     .   (no cloak)
rCorr   .          Rampage  .   i - +0 pair of gloves
Will    .....                   (no boots)
Stlth   ..........              (no amulet)
HPRegen 0.09/turn               (no ring)
MPRegen 0.08/turn               (no ring)

@: lethally poisoned (-1 -> -7), about to teleport
A: foul stench 1, weakness stinger 1, cold resistance 1, no potion heal 1
a: no special abilities


You were on level 2 of the Dungeon.
You visited 1 branch of the dungeon, and saw 2 of its levels.

You collected 72 gold pieces.

Inventory:

Hand Weapons
 a - a +0 long sword (weapon)
Armour
 b - a +0 scale mail (worn)
 c - a +1 buckler (worn)
 i - a +0 pair of gloves (worn)
Scrolls
 e - 2 scrolls of enchant armour
Potions
 d - a potion of might


   Skills:
 + Level 3.3 Fighting
 * Level 2.7 Long Blades
 + Level 2.9 Armour
 + Level 1.0 Dodging
 + Level 3.1 Shields


You had 2 spell levels left.
You didn't know any spells.
Your spell library contained the following spells:

 Spells                   Type           Power      Damage    Failure   Level
 Freeze                   Ice            0%         1d3       88%         1
 Frozen Ramparts          Ice            0%         1d2       99%         3
 Hailstorm                Conj/Ice       0%         3d3       100%        4
 Dispersal                Tloc           0%         N/A       100%        6
 Disjunction              Tloc           0%         N/A       100%        8


Dungeon Overview and Level Annotations

Branches:
Dungeon (2/15)

Altars:


Innate Abilities, Weirdness & Mutations

You may rarely emit foul miasma when damaged in melee.
You have a small tail.
Your flesh is cold resistant. (rC+)
Potions are less effective at restoring your health.


Message History

You hit the scorpion.
The scorpion is lightly wounded.
The scorpion stings you!
* * * LOW HITPOINT WARNING * * *
The scorpion stings you.
* * * LOW HITPOINT WARNING * * *
You barely miss the scorpion.
The scorpion is lightly wounded.
The scorpion barely misses you.
It was a potion of mutation.
You feel extremely strange.
You feel resistant to cold.
You feel clumsy.
Your system partially rejects the healing effects of potions.
You feel agile.
The scorpion stings you but does no damage.
As you read the scroll labelled OGUUF IMAI, it crumbles to dust.
You speak a Word of immense power!
It was a scroll of holy word.
The scorpion closely misses you.
The scorpion stings you but does no damage.
What are your orders? t - Shout!
Orders for allies: a - Attack new target. r - Retreat! s - Stop attacking. g - Guard the area. f - Follow me.
Anything else - Cancel.
Retreat in which direction?
Press: ? - help, Dir - move target You can't see that place.
Okay, then.
You block the scorpion's attack. You block the scorpion's attack.
Okay, then.
As you read the scroll labelled YNNA WITEIFYA, it crumbles to dust.
You feel strangely unstable.
It was a scroll of teleportation.
The scorpion stings you.
* * * LOW HITPOINT WARNING * * *
You are lethally poisoned!
The scorpion poisons you!
* * * LOW HITPOINT WARNING * * *
You feel sick.
You die...

#...# ###.# #.# .# #.#
.# #.# .# #.# .# #s# .#
#.# .# #####@##### .#
#.........# .###
#######.#######.# (..#
#...##..##..###.#
##.###(###....)...##.#
#.......)...........##
##.............>......#
...###.###........##..#
.#####<###....(...##..#


You could see a scorpion.

Vanquished Creatures
  2 adders (D:2)
  2 dart slugs (D:1)
  6 bats
  5 endoplasms
  A giant cockroach (D:1)
  6 hobgoblins
  A kobold (D:2)
  4 quokkas (D:1)
  4 ball pythons
  3 frilled lizards
  5 goblins
  3 rats
42 creatures vanquished.

Notes
Turn   | Place    | Note
-------+----------+-------------------------------------------
     0 | D:1      | Sin92 the Demonspawn Fighter began the quest for the Orb.
     0 | D:1      | Reached XP level 1. HP: 18/18 MP: 1/1
   130 | D:1      | Gained mutation: You may rarely emit foul miasma when
                  | damaged in melee. [demonic ancestry]
   130 | D:1      | Reached XP level 2. HP: 3/24 MP: 2/2
  1341 | D:1      | Discovered your monstrous ancestry.
  1341 | D:1      | Gained mutation: You have a small tail. [demonic ancestry]
  1341 | D:1      | Reached XP level 3. HP: 25/29 MP: 3/3
  2197 | D:2      | Reached skill level 1 in Dodging
  2342 | D:2      | Noticed a scorpion
  2355 | D:2      | Gained mutation: Your flesh is cold resistant. (rC+)
                  | [potion of mutation]
  2355 | D:2      | Gained mutation: You are clumsy. (Dex -2) [potion of
                  | mutation]
  2355 | D:2      | Gained mutation: Potions are less effective at restoring
                  | your health. [potion of mutation]
  2355 | D:2      | Lost mutation: You are clumsy. (Dex -2) [potion of
                  | mutation]
  2367 | D:2      | HP: 1/29 [poisoned by a scorpion]
  2368 | D:2      | Succumbed to a scorpion's poison

Illustrated notes

Levels and vault maps discovered:
D:1:      dpeg_arrival_morbid_curiosity, layout_loops_corners
D:2:      minmay_alternating_diamond, layout_loops_ring, st_stairs_5

Skill      XL: |  1  2  3 |
---------------+----------+-----
Long Blades    | 2 |  2.7
Shields        | 3 |  3.1
Dodging        | 1 |  1.0
Fighting       | |  3.3
Armour         | |  2.9

Action                   || total
-------------------------++-------
Melee: Long sword        ||   139
       Tailslap          ||     2
  Use: Scroll            ||     4
       Potion            ||     1
Armor: Scale mail        ||    68
Dodge: Dodged            ||    75
Block: Buckler           ||    36
